 Dungeon Crawl Stone Soup version 0.30-a0-335-ge5acde7520 (webtiles) character file.

Game seed: 1594635265693673554

47686 jlumianski the Cleaver (level 14, -1/116 HPs)
             Began as a Demonspawn Fighter on Oct 30, 2022.
             Was a Priest of Qazlal.
             Slain by a large abomination (28 damage)
             ... on level 2 of the Abyss.
             The game lasted 01:29:44 (15490 turns).

jlumianski the Cleaver (Demonspawn Fighter)        Turns: 15490, Time: 01:29:45

Health: -1/116     AC: 39    Str: 23    XL:     14   Next: 9%
Magic:  23/23      EV: 22    Int: 12    God:    Qazlal [***...]
Gold:   2436       SH: 17    Dex:  7    Spells: 13/13 levels left

rFire   + . .      SeeInvis +    Q - +4 broad axe (flame)
rCold   + . .      Faith    .    e - +3 kite shield
rNeg    . . .      Spirit   .    N - +9 gold dragon scales of Rotation {Harm +Inv rPois rF+ rC+ Dex-5}
rPois   +          Reflect  .    F - +2 helmet {Int+3}
rElec   +          Harm     +    M - +2 cloak {rCorr}
rCorr   +          Rampage  .    j - +2 pair of gloves
Will    +....                    (boots unavailable)
Stlth   ..........               J - amulet of the acrobat
HPRegen 0.39/turn                g - +4 ring of evasion
MPRegen 0.36/turn                k - ring of see invisible

@: about to teleport, acrobatic
A: hooves 3, thin metallic scales 3, robust 1, spiny 2, magic regeneration
a: Renounce Religion, Evoke Invisibility, Upheaval, Elemental Force


You were on level 2 of the Abyss.
You worshipped Qazlal.
Qazlal was most pleased with you.
You visited 2 branches of the dungeon, and saw 16 of its levels.
You visited the Abyss 1 time.
You also visited: Bailey.

You collected 2436 gold pieces.

Inventory:

Hand Weapons
 y - a +2 trident of venom
 C - a +0 dagger
 G - a +2 long sword of flaming
 Q - a +4 broad axe of flaming (weapon)
 S - the +7 glaive of Fatigue {drain, rN+}
   (You took it off a vault guard on level 14 of the Dungeon)

   A truly terrible weapon, it drains the life of any living foe it strikes.
   rN:        It protects you from negative energy.
Missiles
 f - 5 datura-tipped darts
 i - a silver boomerang
 n - 7 boomerangs
 u - 50 poisoned darts (quivered)
 I - 16 curare-tipped darts
Armour
 b - a +2 hat
 e - a +3 kite shield (worn)
 j - a +2 pair of gloves (worn)
 F - a +2 helmet of intelligence (worn)
 M - a +2 cloak of preservation (worn)
 N - the +9 gold dragon scales of Rotation (worn) {Harm +Inv rPois rF+ rC+ Dex-5}
   (You found it in a bailey)

   Dex:       It affects your dexterity (-5).
   rF:        It protects you from fire.
   rC:        It protects you from cold.
   rPois:     It protects you from poison.
   +Inv:      It lets you turn invisible.
   Harm:      It increases damage dealt and taken.
 O - a +2 kite shield of fire resistance
 R - a +2 tower shield
Jewellery
 c - a ring of ice
 g - a +4 ring of evasion (left hand)
 k - a ring of see invisible (right hand)
 z - a ring of resist corrosion
 B - a ring of protection from cold
 J - an amulet of the acrobat (around neck)
 K - a +6 ring of intelligence
 X - a ring of magical power
Wands
 h - a wand of charming (14)
 p - a wand of light (5)
 r - a wand of roots (20)
 t - a wand of mindburst (7)
 v - a wand of digging (3)
 V - a wand of polymorph (2)
Scrolls
 q - a scroll of immolation
 x - 5 scrolls of teleportation
 A - 2 scrolls of enchant armour
 D - a scroll of blinking
 H - 2 scrolls of identify
 P - 3 scrolls of butterflies
Potions
 a - 2 potions of brilliance
 d - 5 potions of might
 l - 5 potions of attraction
 m - 3 potions of haste
 o - 5 potions of flight
 E - 2 potions of heal wounds
 U - 5 potions of curing
 W - a potion of resistance
Miscellaneous
 s - a condenser vane
 w - a phial of floods (inert)
 L - a box of beasts


   Skills:
 + Level 8.6 Fighting
 + Level 12.6 Axes
 + Level 3.0 Throwing
 + Level 7.9 Armour
 + Level 3.2 Dodging
 + Level 2.6 Stealth
 + Level 10.4 Shields
 * Level 12.4 Invocations
 * Level 8.7 Evocations


You had 13 spell levels left.
You didn't know any spells.
Your spell library contained the following spells:

 Spells                   Type           Power      Damage    Failure   Level
 Magic Dart               Conj           0%         1d3       100%        1
 Call Imp                 Summ           0%         N/A       100%        2
 Cigotuvi's Dreadful Rot  Necr/Pois/Air  0%         N/A       100%        2
 Ensorcelled Hibernation  Hex/Ice        0%         N/A       100%        2
 Passwall                 Tmut/Erth      0%         N/A       100%        2
 Searing Ray              Conj           0%         2d4       100%        2
 Call Canine Familiar     Summ           0%         N/A       100%        3
 Kindle Blastsparks       Fire/Tloc/Air  0%         2d10      100%        3
 Mephitic Cloud           Conj/Pois/Air  0%         N/A       100%        3
 Portal Projectile        Hex/Tloc       0%         N/A       100%        3
 Swiftness                Air            0%         N/A       100%        3
 Dispel Undead            Necr           0%         3d6       100%        4
 Fulminant Prism          Conj/Hex       0%         3d5       100%        4
 Iskenderun's Mystic Bla  Conj/Tloc      0%         2d3       100%        4
 Leda's Liquefaction      Hex/Erth       0%         N/A       100%        4
 Lee's Rapid Deconstruct  Erth           0%         3d4*      100%        5
 Death Channel            Necr           0%         N/A       100%        6


Dungeon Overview and Level Annotations

Branches:
Dungeon (15/15)            Temple (1/1) D:5            Lair (0/5) D:10
    Orc (0/2) D:11         Vaults (0/5) D:14         Depths (0/4) D:15
 Bailey (visited)

Altars:
Ashenzari
Cheibriados
Dithmenos
Fedhas
Gozag
Hepliaklqana
Kikubaaqudgha
Makhleb
Nemelex Xobeh
Okawaru
Qazlal
Ru
Sif Muna
Trog
Uskayaw
Vehumet
Wu Jian
Xom
Yredelemnul

Shops:
D:2 (


Innate Abilities, Weirdness & Mutations

You have hooves in place of feet.
You are completely covered in thin metallic scales. (AC +4, rElec)
You are robust. (+10% HP)
You are mostly covered in sharp spines.
You regenerate magic rapidly.


Message History

You hear a shout!
You block the harpy skeleton's attack. x3
The harpy skeleton closely misses you.
The harpy skeleton is struck by your spines.
The harpy skeleton claws you but does no damage.
The harpy skeleton barely misses you. You block the harpy skeleton's attack.
The harpy skeleton claws you!
* * * LOW HITPOINT WARNING * * *
The harpy skeleton attacks as you move away!
The harpy skeleton claws you but does no damage.
The harpy skeleton misses you.
You enter the shallow water.
Moving in this stuff is going to be slow.
You block the harpy skeleton's attack. x2
The harpy skeleton attacks as you move away!
The harpy skeleton claws you but does no damage.
You block the harpy skeleton's attack.
The harpy skeleton completely misses you.
The harpy skeleton claws you but does no damage.
An ufetubus comes into view.
The harpy skeleton claws you but does no damage.
You block the harpy skeleton's attack. The harpy skeleton barely misses you.
The harpy skeleton claws you but does no damage.
The reaper closely misses you.
You enter the shallow water.
Moving in this stuff is going to be slow.
A large abomination comes into view.
Okay, then.
The ufetubus attacks as you move away! You block the ufetubus's attack. x2
The harpy skeleton is engulfed in freezing vapours.
The harpy skeleton is struck by your spines.
The harpy skeleton closely misses you. You block the harpy skeleton's attack.
The reaper says, "Everyone has to die sometime, and your time is now."
The harpy skeleton misses you.
The harpy skeleton claws you but does no damage.
The harpy skeleton attacks as you move away!
The harpy skeleton claws you but does no damage.
You block the harpy skeleton's attack.
The large abomination attacks as you move away!
The large abomination hits you!!
You die...

#. #..### ..#~
.~ #....##
#..##.#≈#~ .
#.†.#
....~≈.~~~ .
##..###..~...~.
. ##.≈#.~#~##.#
##X2#°~≈...#
#.~ #Z~...##...
#~~ #~5#X....#
# ~ ###@# #.#
~~ #..# .##
.#..# #.
....... #
#####.#.# ..##
#.. ...


You could see a reaper, 2 large abominations, an ufetubus and a harpy skeleton.

Vanquished Creatures
  Gastronok (D:9)
  The ghost of Syulaer the Severer, a journeyman MiMo of Gozag (D:11)
  Fannar (D:11)
  4 vault guards (D:14)
  A spriggan skeleton (Abyss:2)
  2 catoblepae
  3 boulder beetles
  2 two-headed ogres
  3 centaur warriors
  A sun demon (Abyss:2)
  2 skeletal warriors (D:12)
  A deep troll (D:15)
  2 orc knights
  5 ugly things
  5 cyclopes
  A worldbinder (Abyss:2)
  3 manticores
  Maurice (D:8)
  Joseph (D:9)
  An orange demon (D:11)
  Maggie (D:6)
  2 unseen horrors (D:11)
  A demonic crawler (Abyss:2)
  A freezing wraith (D:11)
  2 komodo dragons (D:12)
  6 kobold demonologists
  2 yaktaurs
  A tengu conjurer (D:13)
  An ancient zyme (Abyss:2)
  2 hornets
  3 trolls
  A raiju (shapeshifter) (D:14)
  3 meliai
  6 slime creatures
  2 large abominations (Abyss:2)
  3 small abominations (Abyss:2)
  A centaur simulacrum (D:15)
  A wyvern (D:9)
  4 wraiths
  A ynoxinul (Abyss:2)
  3 shadows
  A basilisk (D:14)
  19 yaks
  2 steam dragons
  6 humans (D:14)
  A redback (D:11)
  Grum (D:8)
  A neqoxec (Abyss:2)
  7 vampire mosquitoes
  Menkaure (D:6)
  2 acid dragons
  2 water moccasins
  A black bear (D:6)
  Pargi (D:4)
  3 ice beasts
  13 orc warriors
  A sky beast (D:6)
  2 wolves (D:9)
  6 ogres
  A phantom (D:5)
  9 centaurs
  Blork the orc (D:4)
  14 kobold brigands
  3 bullfrogs
  2 gnoll sergeants
  2 scorpions (D:6)
  A necrophage (D:5)
  8 wights
  16 killer bees
  4 howler monkeys
  5 hounds
  A quasit (Abyss:2)
  5 starcursed masses (Abyss:2)
  2 jellies
  2 lava snakes (D:11)
  11 orc priests
  Crazy Yiuf (D:3)
  5 iguanas
  13 orc wizards
  10 gnolls
  7 adders
  2 white imps
  4 ufetubi
  A worm (D:1)
  A dart slug (D:4)
  96 orcs
  9 ball pythons
  3 endoplasms
  A giant cockroach (D:1)
  18 goblins
  5 hobgoblins
  4 quokkas
  3 bats
  4 frilled lizards (D:2)
  20 kobolds
  A rat (D:1)
453 creatures vanquished.

Vanquished Creatures (collateral kills)
  Jorgrun (D:15)
  A tengu warrior (D:14)
  Amaemon (D:11)
  A skeletal warrior (D:12)
  A wretched star (Abyss:2)
  An ancient zyme (Abyss:2)
  2 orcs (D:11)
8 creatures vanquished.

Vanquished Creatures (others)
  A vault guard (D:13)
  A wizard (D:14)
  A human (D:13)
  7 plants
10 creatures vanquished.

Grand Total: 471 creatures vanquished

Notes
Turn   | Place    | Note
-------+----------+-------------------------------------------
     0 | D:1      | jlumianski the Demonspawn Fighter began the quest for the
                  | Orb.
     0 | D:1      | Reached XP level 1. HP: 18/18 MP: 1/1
   197 | D:1      | Gained mutation: You are partially covered in thin metallic
                  | scales. (AC +2) [demonic ancestry]
   197 | D:1      | Reached XP level 2. HP: 23/24 MP: 2/2
  1099 | D:2      | Found Ehoasaf's Antique Weapon Shoppe.
  1162 | D:2      | Reached XP level 3. HP: 29/29 MP: 3/3
  1271 | D:2      | Found a faded altar of an unknown god.
  1671 | D:3      | Identified the +0 leather armour "Iri Qank" {rElec}
  1677 | D:3      | Found a bloodstained altar of Trog.
  1843 | D:3      | Gained mutation: You regenerate magic rapidly. [demonic
                  | ancestry]
  1843 | D:3      | Reached XP level 4. HP: 31/35 MP: 4/4
  2153 | D:3      | Gained mutation: You have large cloven feet. [demonic
                  | ancestry]
  2153 | D:3      | Reached XP level 5. HP: 17/41 MP: 5/5
  2256 | D:4      | Reached skill level 1 in Dodging
  2324 | D:5      | Entered Level 5 of the Dungeon
  2336 | D:4      | Noticed Blork the orc
  2385 | D:4      | Killed Blork the orc
  2386 | D:4      | Gained mutation: You have hoof-like feet. [demonic
                  | ancestry]
  2386 | D:4      | Reached XP level 6. HP: 41/48 MP: 6/6
  2725 | D:4      | Found a broken altar of Ashenzari.
  2736 | D:4      | Noticed Pargi
  2743 | D:4      | Killed Pargi
  2744 | D:4      | Gained mutation: You have hooves in place of feet. [demonic
                  | ancestry]
  2744 | D:4      | Reached XP level 7. HP: 48/53 MP: 7/7
  2996 | D:3      | Found a runed translucent door.
  2997 | D:3      | Noticed Crazy Yiuf
  3342 | D:3      | Killed Crazy Yiuf
  3343 | D:3      | Reached skill level 1 in Stealth
  3454 | D:4      | Identified the +7 quarterstaff "Huenon" {holy, Int+6}
  3726 | D:5      | Reached skill level 5 in Axes
  4045 | D:6      | Identified the +0 robe of the Valley of Death {Dex+4}
  4059 | D:7      | Gained mutation: You are partially covered in sharp spines.
                  | [demonic ancestry]
  4059 | D:7      | Reached XP level 8. HP: 61/61 MP: 8/8
  4379 | D:5      | Identified the +0 ring mail of Imuruo {Fly rElec rPois
                  | Int-4}
  4477 | D:5      | Found a staircase to the Ecumenical Temple.
  4487 | Temple   | Entered the Ecumenical Temple
  4546 | Temple   | Became a worshipper of Qazlal Stormbringer
  4662 | D:5      | Found a hazy altar of Hepliaklqana.
  4707 | D:5      | Reached skill level 5 in Shields
  4872 | D:5      | Reached skill level 1 in Throwing
  5039 | D:5      | Reached skill level 5 in Fighting
  5192 | D:5      | Found a basalt altar of Yredelemnul.
  5244 | D:6      | Reached skill level 1 in Invocations
  5244 | D:6      | Gained mutation: You are mostly covered in sharp spines.
                  | [demonic ancestry]
  5244 | D:6      | Reached XP level 9. HP: 68/68 MP: 9/9
  5502 | D:6      | Found an opulent altar of Gozag.
  5551 | D:6      | Reached skill level 1 in Evocations
  5569 | D:6      | Noticed Menkaure
  5573 | D:6      | Killed Menkaure
  5668 | D:6      | Noticed Maggie
  5679 | D:6      | Killed Maggie
  6001 | D:7      | Reached * piety under Qazlal
  6108 | D:7      | Reached skill level 5 in Armour
  6439 | D:9      | Noticed a troll
  6451 | D:9      | Killed a troll
  6589 | D:9      | Noticed a kobold demonologist
  6592 | D:9      | Noticed a soul eater
  6606 | D:9      | Noticed a rust devil
  6607 | D:9      | Killed a kobold demonologist
  6608 | D:9      | Gained mutation: You are mostly covered in thin metallic
                  | scales. (AC +3) [demonic ancestry]
  6608 | D:9      | Reached XP level 10. HP: 56/76 MP: 13/13
  6668 | D:9      | Noticed Gastronok
  6704 | D:9      | Noticed a two-headed ogre
  6714 | D:9      | Killed a two-headed ogre
  6715 | D:9      | Reached skill level 5 in Invocations
  6747 | D:9      | Noticed Joseph
  6769 | D:9      | Killed Joseph
  6900 | D:9      | Found a flagged portal.
  6925 | Bailey   | Entered a bailey
  7074 | Bailey   | Reached ** piety under Qazlal
  7212 | Bailey   | Noticed an orc knight
  7248 | Bailey   | Killed an orc knight
  7367 | Bailey   | Identified the +9 gold dragon scales of Rotation {Harm +Inv
                  | rPois rF+ rC+ Dex-5}
  7538 | D:10     | Entered Level 10 of the Dungeon
  7837 | D:9      | Found a burning altar of Makhleb.
  7915 | D:9      | Killed Gastronok
  7916 | D:9      | Gained mutation: You are completely covered in thin
                  | metallic scales. (AC +4, rElec) [demonic ancestry]
  7916 | D:9      | Reached XP level 11. HP: 37/83 MP: 16/16
  8049 | D:8      | Noticed Grum
  8104 | D:8      | Reached *** piety under Qazlal
  8135 | D:8      | Identified a scroll of acquirement
  8137 | D:8      | Acquired a +2 broad axe of flaming
  8169 | D:8      | Found a blossoming altar of Fedhas.
  8211 | D:8      | Noticed Maurice
  8216 | D:8      | Killed Maurice
  8285 | D:8      | Reached skill level 5 in Evocations
  8289 | D:8      | Found a hide-covered altar of Uskayaw.
  8355 | D:8      | Killed Grum
  9053 | D:10     | Reached **** piety under Qazlal
  9248 | D:10     | Found a staircase to the Lair.
  9594 | D:10     | Reached skill level 10 in Axes
 10003 | D:11     | Noticed Fannar
 10024 | D:11     | Killed Fannar
 10155 | D:11     | Noticed a purple ugly thing
 10163 | D:11     | Killed a purple ugly thing
 10224 | D:11     | Reached XP level 12. HP: 91/91 MP: 18/18
 10246 | D:11     | Noticed a boulder beetle
 10262 | D:11     | Killed a boulder beetle
 10576 | D:11     | Found a staircase to the Orcish Mines.
 10651 | D:11     | Reached ***** piety under Qazlal
 10678 | D:11     | Noticed Amaemon
 10685 | D:11     | Killed Amaemon
 10811 | D:11     | Noticed a two-headed ogre
 10818 | D:11     | Killed a two-headed ogre
 10951 | D:11     | You fall into a shaft and drop 1 floor!
 11338 | D:12     | Noticed a catoblepas
 11340 | D:12     | Noticed a boulder beetle
 11443 | D:11     | Killed a catoblepas
 11572 | D:11     | Killed a boulder beetle
 11573 | D:11     | Reached skill level 10 in Invocations
 11637 | D:12     | Acquired 1091 gold pieces
 11763 | D:12     | Found a runed translucent gate.
 12187 | D:13     | Noticed a centaur warrior
 12195 | D:13     | Gained mutation: You are robust. (+10% HP) [demonic
                  | ancestry]
 12195 | D:13     | Reached XP level 13. HP: 59/107 MP: 20/20
 12466 | D:12     | Found a runed translucent gate.
 12467 | D:12     | Found a runed translucent gate.
 12467 | D:12     | Noticed Syulaer's ghost (journeyman MiMo)
 12682 | D:11     | Killed Syulaer's ghost
 14464 | D:14     | Reached skill level 10 in Shields
 14509 | D:14     | Identified the +7 glaive of Fatigue {drain, rN+}
 14694 | D:14     | Found a gate to the Vaults.
 14885 | D:15     | Entered Level 15 of the Dungeon
 14909 | D:15     | Noticed Jorgrun
 14916 | D:15     | Killed Jorgrun
 14940 | D:15     | Noticed an ettin
 15183 | Abyss:2  | Cast into level 2 of the Abyss (a wizard)
 15316 | Abyss:2  | Noticed a starcursed mass
 15350 | Abyss:2  | Reached XP level 14. HP: 54/116 MP: 15/23
 15482 | Abyss:2  | Noticed a reaper
 15490 | Abyss:2  | Slain by a large abomination

Illustrated notes

Levels and vault maps discovered:
D:1:      roderic_octagonal_star, layout_basic
D:2:      layout_rooms, shapermc_ecumenical_altar_mp_highgroup, serial_shops,
          nicolae_shop_hallway_plus
D:3:      layout_loops_ring, mainiacjoe_overflow_catwalk, serial_park_tiny_1,
          uniq_crazy_yiuf_cottage
D:4:      layout_basic, general_overflow_altar, minmay_ogre_servants,
          uniq_blork_the_orc, uniq_pargi
D:5:      layout_basic, lemuel_tele_altar, mainiacjoe_overflow_chevrons,
          minmay_temple_entry_poolview, minmay_between
D:6:      layout_loops_ring, lemuel_crystal_altar, kennysheep_generic_room_4,
          uniq_menkaure, uniq_maggie
D:7:      layout_cave_pools, moated_statue
D:8:      layout_cave_pools, nicolae_overflow_crystal_walls,
          nicolae_uskayaw_suspiria, amcnicky_altar_gilded, uniq_grum,
          uniq_maurice
D:9:      layout_roguey, marbit_many_paths, enter_bailey_5, uniq_gastronok,
          uniq_joseph
D:10:     layout_roguey [special_room_orc], lair_entry_dummy,
          serial_co_window_serial, co_window_paths_b, co_window_paths_a,
          co_window_cross_1, co_window_paths_a, co_window_of_opportunity_a,
          co_window_cross_3, co_window_broadway_b, co_window_cross_3,
          glass_columns_a, glass_columns_c, glass_columns_a, glass_columns_a
D:11:     layout_stronghold, hiddenorc2_lemuel, serial_glass, glass_columns_a,
          glass_columns_b, nicolae_lava_and_water, uniq_amaemon, uniq_fannar
D:12:     hangedman_arrow_trap, layout_loops_ring, gammafunk_ghost_nasty_kobolds
D:13:     layout_loops_ring
D:14:     layout_irregular_city, ximxim_vaults_locker_room,
          minmay_strange_pillars, minmay_misc_feat_more_columns
D:15:     hangedman_depths_entry_civil_slaughter, layout_long_grid,
          portal_ice_cave_entry_pillars_1, chequers_arboretum, serial_shops,
          shop, uniq_jorgrun
Temple:   nicolae_temple_ecumenical_triangle
Abyss:2:  base:
D:10

Skill      XL: |  1  2  3  4  5  6  7  8  9 10 11 12 13 |
---------------+----------------------------------------+-----
Axes           | 2 3 4 5 7 8 9 10 11 12 | 12.6
Armour         | 3 4 5 6 7 |  7.9
Shields        | 3 4 5 6 7 8 9 10 | 10.4
Dodging        | 1 2 3 |  3.2
Stealth        | 1 2 |  2.6
Fighting       | 4 5 6 7 8 |  8.6
Throwing       | 1 2 3 |  3.0
Invocations    | 1 4 7 9 10 12 | 12.4
Evocations     | 3 4 5 7 8 |  8.7

Action                   |  1- 3 |  4- 6 |  7- 9 | 10-12 | 13-15 || total
-------------------------+-------+-------+-------+-------+-------++-------
Melee: War axe           |    98 |   112 |   286 |   184 |       ||   680
       Kick              |       |    18 |    81 |   148 |    61 ||   308
       Broad axe         |       |       |       |   314 |   230 ||   544
Throw: Boomerang         |     2 |     3 |    15 |       |       ||    20
       Dart              |       |       |     7 |    32 |     5 ||    44
Invok: Elemental Force   |       |       |       |     2 |     6 ||     8
       Upheaval          |       |       |       |       |     4 ||     4
Evoke: Wand              |       |     1 |     3 |     3 |     1 ||     8
       Box of beasts     |       |       |       |     1 |       ||     1
       Phial of floods   |       |       |       |       |     1 ||     1
  Use: Potion            |     2 |     3 |       |       |     3 ||     8
       Scroll            |     8 |     3 |     5 |    11 |     3 ||    30
 Stab: Invisible         |       |       |     1 |       |       ||     1
       Paralysed         |       |       |       |     1 |       ||     1
       Petrified         |       |       |       |       |     3 ||     3
Armor: Scale mail        |    44 |    57 |    47 |       |       ||   148
       Chain mail        |       |       |    34 |       |       ||    34
       Plate armour      |       |       |    22 |    47 |       ||    69
       Gold dragon scale |       |       |       |   187 |   131 ||   318
       Crystal plate arm |       |       |       |     2 |       ||     2
Dodge: Dodged            |    51 |    60 |   105 |   162 |    85 ||   463
       Repelled          |       |       |       |     1 |       ||     1
Block: Buckler           |    23 |       |       |       |       ||    23
       Kite shield       |    16 |    81 |   181 |   452 |   258 ||   988

Table legend: (Time is in decaauts)
 A = Elapsed time spent in this place.
 B = Non-inter-level travel time spent in this place.
 C = Inter-level travel time spent in this place.
 D = Time resting spent in this place.
 E = Time spent auto-exploring this place.
 F = Levels seen in this place.
 G = Mean time per level.
                   A        B        C        D        E       F      G
               +--------+--------+--------+--------+--------+-----+--------+
         Total |  15926 |  15568 |    358 |   2104 |   6801 |  18 |  884.8 |
       Dungeon |  15015 |  14657 |    358 |   1949 |   6704 |  15 | 1001.0 |
        Temple |     76 |     76 |      0 |      0 |      0 |   1 |   76.0 |
         Abyss |    314 |    314 |      0 |    101 |     20 |   1 |  314.0 |
        Bailey |    520 |    520 |      0 |     54 |     77 |   1 |  520.0 |
               +--------+--------+--------+--------+--------+-----+--------+

Top non-repeatable levels by time:
    D:11: 1849 daAuts
     D:9: 1266 daAuts
    D:13: 1265 daAuts
    D:12: 1206 daAuts
     D:3: 1156 daAuts
    D:10: 1155 daAuts
     D:4: 1123 daAuts
     D:5: 1079 daAuts
     D:1: 991 daAuts
     D:6: 977 daAuts
    D:14: 943 daAuts
     D:2: 660 daAuts
     D:8: 638 daAuts
     D:7: 618 daAuts
  Bailey: 520 daAuts
